 Dungeon Crawl Stone Soup version 0.20.1-1-g8b1a95d (webtiles) character file.

196 gungr the Insei (level 5, -3/29 HPs)
             Began as an Octopode Transmuter on Oct 31, 2017.
             Was an Initiate of Hepliaklqana.
             Killed from afar by an orc wizard (5 damage)
             ... with a magic dart
             ... on level 4 of the Dungeon.
             The game lasted 00:10:50 (3427 turns).

gungr the Insei (Octopode Transmuter)               Turns: 3427, Time: 00:10:51

Health: -3/29      AC:  2    Str:  9    XL:     5   Next: 74%
Magic:  3/8        EV: 12    Int: 16    God:    Hepliaklqana [......]
Gold:   169        SH:  3    Dex: 13    Spells: 5/8 levels left

rFire    . . .     SeeInvis .     - Unarmed
rCold    . . .     Gourm    .   n - +0 buckler
rNeg     . . .     Faith    .   j - +1 hat
rPois    .         Spirit   .   (no amulet)
rElec    .         Reflect  .   y - ring of protection from magic
rCorr    .         Harm     .   (no ring)
MR       +....                  (no ring)
Stlth    ++........             (no ring)
Regen    0.1/turn               (no ring)
MPRegen  0.2/turn               (no ring)
                                (no ring)
                                (no ring)

@: hasted, very quick
A: almost no armour, stealthy swim, amphibious, 8 rings, constrict 8, reduced
essence, camouflage 1, gelatinous body 1
a: Recall Ancestor, Ancestor Identity, Renounce Religion


You were on level 4 of the Dungeon.
You worshipped Hepliaklqana.
Hepliaklqana was noncommittal.
You were not hungry.

You visited 1 branch of the dungeon, and saw 4 of its levels.
You also visited: Sewer.

You collected 169 gold pieces.

Inventory:

Missiles
 a - 18 arrows
Armour
 j - a +1 hat (worn)
 n - a +0 buckler (worn)
Jewellery
 y - a ring of protection from magic (left tentacle)
Wands
 x - a wand of polymorph (7/24)
Scrolls
 c - a scroll of remove curse
 i - a scroll of blinking
 k - 2 scrolls of enchant weapon
 m - a scroll of recharging
 o - 6 scrolls of identify
 p - a scroll of immolation {unknown}
 t - a scroll of magic mapping {unknown}
Potions
 d - a potion of magic {unknown}
 e - 2 potions of haste
 f - a potion of invisibility
 g - 2 potions of curing
 h - 2 potions of might
 q - a potion of heal wounds {unknown}
 s - a potion of flight {unknown}
 w - a potion of lignification {unknown}
 z - a potion of berserk rage {unknown}
Books
 b - a book of Changes

   Spells                             Type                      Level
   a - Beastly Appendage              Transmutation                1
   b - Sticks to Snakes               Transmutation                2
   c - Spider Form                    Transmutation/Poison         3
   d - Ice Form                       Ice/Transmutation            4
   e - Blade Hands                    Transmutation                5
Comestibles
 l - a meat ration
 r - a royal jelly
 u - a bread ration
 v - 3 fruits


   Skills:
 - Level 1.0 Fighting
 - Level 2.0 Dodging
 - Level 5.8 Unarmed Combat
 - Level 2.0 Spellcasting
 * Level 2.8 Transmutations


You had 5 spell levels left.
You knew the following spells:

 Your Spells              Type           Power        Failure   Level  Hunger
a - Beastly Appendage     Tmut           ##....       11%         1    #......
b - Sticks to Snakes      Tmut           ##......     16%         2    ###....


Dungeon Overview and Level Annotations

Branches:
Dungeon (4/15)
 Temple: D:4-7

Altars:
Hepliaklqana
Trog
Uskayaw
Yredelemnul

Annotations:
D:3 Sigmund


Innate Abilities, Weirdness & Mutations

You cannot wear most types of armour.
You are very stealthy in the water. (Stealth+)
You are amphibious.
You can wear up to eight rings at the same time.
You can use your tentacles to constrict eight enemies at once.
Your skin changes colour to match your surroundings (Stealth+).
Your rubbery body absorbs attacks. (AC +1, EV +1)
Your life essence is reduced to manifest your ancestor. (-10% HP)


Message History

Your ball python is poisoned.
Your ball python withers and dies!
You hear some strange, mumbled words.
Your ball python dies!
A puff of flame appears from out of thin air!
The puff of flame hits you!
A puff of frost appears from out of thin air!
The puff of frost misses your ball python.
The puff of frost hits you!
* * * LOW HITPOINT WARNING * * *
You feel yourself speed up.
A puff of frost appears from out of thin air!
The puff of frost hits your ball python.
Your ball python dies!
A puff of frost appears from out of thin air!
The puff of frost hits you!
* * * LOW HITPOINT WARNING * * *
A magic dart appears from out of thin air!
The magic dart hits you!
You die...

#...# #....##.# #.#
#+## #.##>##.# #.#
#.# #.##.##.# #.#
#.# #.##.##.# #.#
######.## #.......#
#.# ...##...##
####.#### #.#
##.#.....# #.# #.##
##.##....#########.#
#...
...o.....{......@..#
####
##.###...###########
#.# ##### ..# ####


There were no monsters in sight!

Vanquished Creatures
  An orc wizard (D:3)
  4 adders
  5 worms
  A leopard gecko (D:3)
  7 orcs
  6 giant cockroaches
  7 hobgoblins
  7 jackals (D:2)
  A ball python (D:1)
  7 bats
  7 frilled lizards
  4 goblins
  8 kobolds
  10 rats
75 creatures vanquished.

Vanquished Creatures (collateral kills)
  A howler monkey (D:4)
1 creature vanquished.

Vanquished Creatures (others)
  An ancestor (D:4)
1 creature vanquished.

Grand Total: 77 creatures vanquished

Notes
Turn   | Place    | Note
-------+----------+-------------------------------------------
     0 | D:1      | gungr the Octopode Transmuter began the quest for the Orb.
     0 | D:1      | Reached XP level 1. HP: 13/13 MP: 3/3
   102 | D:1      | Reached XP level 2. HP: 15/18 MP: 5/5
   645 | D:2      | Reached skill level 4 in Unarmed Combat
   645 | D:2      | Reached XP level 3. HP: 20/23 MP: 4/6
   747 | D:2      | Learned a level 2 spell: Sticks to Snakes
  1385 | D:2      | Found a basalt altar of Yredelemnul.
  1414 | D:2      | Reached XP level 4. HP: 16/28 MP: 5/7
  1709 | D:2      | Reached skill level 5 in Unarmed Combat
  1957 | D:3      | Noticed Sigmund
  2087 | D:3      | Reached XP level 5. HP: 24/33 MP: 8/8
  2152 | D:3      | Found a glowing drain.
  2156 | Sewer    | Entered a sewer
  2190 | Sewer    | Noticed a big kobold
  2763 | D:3      | Found a bloodstained altar of Trog.
  3132 | D:4      | Noticed an ogre
  3146 | D:4      | Found a hide-covered altar of Uskayaw.
  3247 | D:4      | Found a hazy altar of Hepliaklqana.
  3250 | D:4      | Became a worshipper of Hepliaklqana the Forgotten
  3427 | D:4      | Killed from afar by an orc wizard

Skill      XL: |  1  2  3  4 |
---------------+-------------+-----
Unarmed Combat | 4 5 |  5.8
Fighting       | |  1.0
Dodging        | |  2.0
Spellcasting   | |  2.0
Transmutations | |  2.8

Action                   |  1- 3 |  4- 6 || total
-------------------------+-------+-------++-------
Melee: Unarmed           |    73 |    91 ||   164
       Constrict         |    19 |    25 ||    44
       Tentacles         |    11 |    12 ||    23
       Kick              |     2 |     8 ||    10
 Cast: Beastly Appendage |     1 |     4 ||     5
       Sticks to Snakes  |       |    13 ||    13
  Use: Scroll            |     8 |       ||     8
       Potion            |       |     1 ||     1
 Stab: Sleeping          |     8 |     6 ||    14
       Distracted        |       |     1 ||     1
  Eat: Bread ration      |     1 |     1 ||     2
Armor: Skin              |     9 |     7 ||    16
Dodge: Dodged            |    37 |    37 ||    74
Block: Buckler           |     1 |     7 ||     8
